 Dungeon Crawl Stone Soup version 0.30.0 (webtiles) character file.

Game seed: 13513616953044438148

14625 dialectric the Imperceptible (level 11, -11/52 HPs)
             Began as a Spriggan Delver on May 6, 2023.
             Was an Elder of Trog.
             Mangled by an orc warlord
             ... wielding a +0 long sword
              (14 damage)
             ... on level 11 of the Dungeon.
             The game lasted 00:24:35 (12343 turns).

dialectric the Imperceptible (Spriggan Delver)     Turns: 12343, Time: 00:24:36

Health: -11/52     AC:  8    Str: 12    XL:     11   Next: 91%
Magic:  12/12      EV: 31    Int: 16    God:    Trog [****..]
Gold:   709        SH:  5    Dex: 23    Spells: 10/10 levels left

rFire   . . .        D - +8 scimitar "Ogrebane" {drain, rElec rC+}
rCold   + . .        (no shield)
rNeg    + . .        a - +2 steam dragon scales
rPois   +            (helmet restricted)
rElec   +            s - +0 cloak
rCorr   .            (gloves unavailable)
SInv    +            (boots unavailable)
Will    +....        I - amulet "Zafuigg" {Reflect rN+ Int+4 Slay+2 SH+5}
Stlth   +++++++++    n - +6 ring of dexterity
HPRegen 0.28/turn    E - ring of poison resistance
MPRegen 0.13/turn

%: reflection
@: on berserk cooldown, slowed, studying Dodging, quick
A: very small, no large weapons, unfitting armour, see invisible, speed 3
a: Renounce Religion, Berserk, Trog's Hand, Brothers in Arms


You were on level 11 of the Dungeon.
You worshipped Trog.
Trog was greatly pleased with you.
You visited 3 branches of the dungeon, and saw 15 of its levels.
You also visited: Ossuary.

You collected 709 gold pieces.

Inventory:

Hand Weapons
 j - a +2 dagger of venom
 D - the +8 scimitar "Ogrebane" (weapon) {drain, rElec rC+}
   (You found it on level 7 of the Dungeon)

   rC:        It protects you from cold.
   rElec:     It insulates you from electricity.
 H - a +0 rapier
Missiles
 e - 3 curare-tipped darts
 o - a throwing net
 F - 20 poisoned darts (quivered)
Armour
 a - +2 steam dragon scales (worn)
 h - a +0 troll leather armour
 s - a +0 cloak (worn)
Jewellery
 b - a ring of ice
 n - a +6 ring of dexterity (left hand)
 r - a ring of protection from cold
 E - a ring of poison resistance (right hand)
 G - a ring of resist corrosion
 I - the amulet "Zafuigg" (around neck) {Reflect rN+ Int+4 Slay+2 SH+5}
   (You found it on level 10 of the Dungeon)

   [amulet of reflection]

   It reflects blocked missile attacks.
   Int:       It affects your intelligence (+4).
   Slay:      It affects your accuracy & damage with ranged weapons and melee
   (+2).
   rN:        It protects you from negative energy.
   SH:        It affects your SH (+5).
 M - a ring of protection from cold
Wands
 k - a wand of flame (23)
 J - a wand of polymorph (5)
 K - a wand of mindburst (15)
 P - a wand of charming (2)
 Q - a wand of roots (3)
Scrolls
 c - 2 scrolls of fog
 d - 5 scrolls of magic mapping
 g - 3 scrolls of brand weapon {unknown}
 i - 6 scrolls of identify
 l - 2 scrolls of teleportation
 u - a scroll of amnesia {unknown}
 v - 3 scrolls of immolation {unknown}
 x - a scroll of noise {unknown}
 y - a scroll of poison {unknown}
 L - a scroll of silence {unknown}
 N - 2 scrolls of enchant weapon
Potions
 f - 5 potions of haste
 m - 6 potions of curing
 p - 3 potions of heal wounds
 q - 4 potions of mutation
 t - 3 potions of lignification
 w - a potion of might
 z - a potion of ambrosia
 A - 2 potions of berserk rage {unknown}
 B - 2 potions of cancellation {unknown}
 C - 2 potions of degeneration {unknown}
 O - a potion of invisibility


   Skills:
 - Level 3.0 Fighting
 - Level 6.0 Short Blades
 - Level 2.1 Throwing
 + Level 13.9 Dodging
 + Level 23.7 Stealth
 + Level 3.5 Shields
 + Level 4.0 Evocations


You had 10 spell levels left.
You didn't know any spells.
Your spell library was empty.

Dungeon Overview and Level Annotations

Branches:
Dungeon (12/15)            Temple (0/1) D:7            Lair (2/5) D:11
    Orc (1/2) D:11        Ossuary (visited)
  Swamp: Lair:2-3    Shoals: Lair:2-3     Snake: Lair:2-3    Spider: Lair:2-3

Altars:
Ashenzari
Fedhas
Gozag
Makhleb
Trog
Vehumet
Xom
Yredelemnul

Annotations:
D:4 2 transporters, Adrian566's ghost, amateur HOFi
D:6 Dowan; Duvessa; Prince Ribbit
D:10 1 runed translucent door, 13Fox's ghost, novice KoHu


Innate Abilities, Weirdness & Mutations

You are very small and have problems with some larger weapons.
You are too small for most types of armour.
You have supernaturally acute eyesight. (SInv)
You cover ground extremely quickly. (Speed+++)


Message History

The orc warlord hits you with a +0 long sword!
* * * LOW HITPOINT WARNING * * *
You hit the orc warlord.
The orc warlord is severely wounded.
The orc warlord closely misses you. The orc closely misses you.
The orc warlord completely misses you. The orc hits you with a +0 dagger.
* * * LOW HITPOINT WARNING * * *
You hit the orc warlord. You drain the orc warlord.
The orc warlord is severely wounded.
You block the orc warlord's attack. The orc closely misses you.
You block the orc warlord's attack. The orc completely misses you.
Unknown command.
Okay, then.
You feel much better. The orc warlord completely misses you.
The orc hits you with a +0 dagger. The orc warlord closely misses you.
The orc hits you with a +0 dagger.
Your ogre goes berserk!
Trog will no longer gift you weapons.
The orc warlord hits you with a +0 long sword.
The orc barely misses you.
Unknown command.
You slash the orc!
You kill the orc!
Trog accepts your kill.
The orc warlord blocks your ogre's attack.
The orc warlord completely misses you.
The orc warlord blocks your ogre's attack.
The orc warlord hits your ogre with a +0 long sword!
The orc warlord blocks your ogre's attack.
The orc warlord hits your ogre with a +0 long sword!
The orc warlord hits your ogre with a +0 long sword!!
Your ogre dies!
Your ogre's corpse disappears in a puff of smoke!
The orc warlord shouts!
You slash the orc warlord! You drain the orc warlord.
The orc warlord is almost dead.
The orc warlord hits you with a +0 long sword!!
* * * LOW HITPOINT WARNING * * *
The orc warlord hits you with a +0 long sword!
You die...

..###.# #.### ##.# #.#
..'.#.### #...####..# #.#
..#.#...# ###......## ####.#
..#.###.# ######....######....#
..#.# #.# #..[#####.....##....#
###.#
#.#####.......#####..#....# #.#
#.##.............##.......# #.#
#.##....§........#..##..... #.#
#.##....§.@........###....# #.#
#.##....)o...[....## ####.. #.#
#.#.......>)......# ##. #.#
#.#.............[## ## #.#
#.#..............# #### #.#
#.#..............# #####...
#.###.##.............###.......
#...#.#####.......#†..##.###...
#...#.#####..######.#.##.# #...


You could see an orc warlord (drained).

Vanquished Creatures
  3 two-headed ogres
  2 black mambas (Lair:1)
  2 cyclopes
  A gargoyle (D:10)
  3 komodo dragons
  3 cane toads (Lair:1)
  A kobold demonologist (D:11)
  An unseen horror (D:11)
  A rime drake (Lair:1)
  2 trolls
  3 blink frogs (Lair:1)
  9 yaks
  2 wraiths
  4 wyverns
  A basilisk (D:11)
  4 steam dragons
  3 wargs (D:11)
  5 water moccasins
  5 orc warriors
  2 sky beasts (D:8)
  2 ice beasts
  A black bear (D:11)
  2 ogres
  3 centaurs
  2 kobold brigands
  A scorpion (D:4)
  8 bullfrogs
  5 wights (D:9)
  6 killer bees
  3 howler monkeys (D:12)
  A crimson imp (D:8)
  4 hounds
  2 jellies (D:6)
  4 orc priests
  3 sleepcaps
  2 gnoll boudas
  3 iguanas
  Natasha (twice) (D:2)
  An orc wizard (D:11)
  17 gnolls
  5 adders
  A shadow imp (D:8)
  A white imp (D:6)
  An ufetubus (D:5)
  2 adder zombies (Ossuary)
  2 worms (D:3)
  A dart slug (D:3)
  20 orcs
  8 endoplasms
  2 giant cockroaches
  7 goblins
  6 hobgoblins
  3 jackals (D:3)
  A quokka (D:2)
  7 ball pythons
  6 bats
  4 frilled lizards
  A gnoll zombie (Ossuary)
  2 hobgoblin zombies (Ossuary)
  10 kobolds
  2 orc zombies (Ossuary)
  3 rats (D:1)
224 creatures vanquished.

Vanquished Creatures (collateral kills)
  An elephant (D:11)
  A kobold demonologist (D:11)
2 creatures vanquished.

Vanquished Creatures (others)
  2 fungi
  5 plants (D:10)
7 creatures vanquished.

Grand Total: 233 creatures vanquished

Notes
Turn   | Place    | Note
-------+----------+-------------------------------------------
     0 | D:5      | dialectric the Spriggan Delver began the quest for the Orb.
     0 | D:5      | Reached XP level 1. HP: 11/11 MP: 2/2
     8 | D:5      | Found a bloodstained altar of Trog.
    21 | D:5      | Noticed a two-headed ogre
    32 | D:5      | Became a worshipper of Trog the Wrathful
   156 | D:4      | Noticed an orc wizard
   157 | D:4      | Noticed Adrian566's ghost (amateur HOFi)
   158 | D:4      | Found a transporter.
   167 | D:4      | Noticed a sleepcap
   229 | D:5      | Noticed an iguana
   349 | D:4      | Noticed an orc wizard
   360 | D:4      | Noticed an orc priest
   362 | D:4      | Noticed an ogre
   431 | D:6      | Found a shimmering altar of Xom.
   479 | D:6      | Found a broken altar of Ashenzari.
   538 | D:6      | Found a sand-covered staircase.
   544 | Ossuary  | Entered an ossuary
   570 | Ossuary  | Reached XP level 2. HP: 14/16 MP: 3/3
   968 | D:5      | Reached skill level 8 in Stealth
   968 | D:5      | Reached XP level 3. HP: 19/19 MP: 4/4
   974 | D:5      | Reached XP level 4. HP: 23/23 MP: 5/5
  1289 | D:4      | Found a transporter.
  1388 | D:4      | Noticed a scorpion
  1410 | D:4      | Noticed a black bear
  1484 | D:3      | Found a basalt altar of Yredelemnul.
  1639 | D:3      | Reached * piety under Trog
  1799 | D:3      | Found a blossoming altar of Fedhas.
  1931 | D:3      | Reached XP level 5. HP: 28/28 MP: 6/6
  1937 | D:3      | Reached skill level 9 in Stealth
  2358 | D:2      | Noticed Natasha
  2372 | D:2      | Killed Natasha
  2426 | D:2      | Noticed Natasha
  2638 | D:1      | Reached ** piety under Trog
  3372 | D:2      | Found a faded altar of an unknown god.
  3416 | D:2      | Killed Natasha
  3417 | D:2      | Reached XP level 6. HP: 32/32 MP: 7/7
  3740 | D:4      | Reached skill level 10 in Stealth
  4158 | D:5      | Killed a two-headed ogre
  4159 | D:5      | Reached skill level 12 in Stealth
  4159 | D:5      | Reached XP level 7. HP: 30/36 MP: 8/8
  4159 | D:5      | Reached XP level 8. HP: 34/40 MP: 9/9
  4409 | D:6      | Reached skill level 13 in Stealth
  4678 | D:6      | Noticed Dowan
  4679 | D:6      | Noticed Duvessa
  4721 | D:6      | Noticed Prince Ribbit
  4753 | D:6      | Reached skill level 14 in Stealth
  4943 | D:7      | Reached skill level 15 in Stealth
  5283 | D:7      | Reached *** piety under Trog
  5304 | D:7      | Identified the +8 scimitar "Ogrebane" {drain, rElec rC+}
  5356 | D:7      | Found a staircase to the Ecumenical Temple.
  5421 | D:7      | Reached skill level 16 in Stealth
  5803 | D:7      | Reached XP level 9. HP: 37/44 MP: 10/10
  6104 | D:8      | Reached skill level 17 in Stealth
  6589 | D:7      | Reached skill level 1 in Evocations
  6620 | D:7      | Reached skill level 18 in Stealth
  7041 | D:8      | Reached skill level 19 in Stealth
  7213 | D:8      | Found a burning altar of Makhleb.
  7214 | D:8      | Found a radiant altar of Vehumet.
  7379 | D:10     | Entered Level 10 of the Dungeon
  7387 | D:10     | Noticed a cyclops
  7396 | D:10     | Killed a cyclops
  7397 | D:10     | Reached skill level 20 in Stealth
  7397 | D:10     | Reached XP level 10. HP: 49/49 MP: 11/11
  7458 | D:10     | Found a runed translucent door.
  7460 | D:10     | Identified the +9 trident of Immorality {freeze, Contam
                  | rPois Int+4}
  7467 | D:10     | Noticed 13Fox's ghost (novice KoHu)
  7502 | D:9      | Identified a scroll of acquirement
  7502 | D:9      | Acquired a manual of Dodging
  7553 | D:9      | Noticed a two-headed ogre
  7555 | D:9      | Killed a two-headed ogre
  7612 | D:10     | Identified the amulet "Zafuigg" {Reflect rN+ Int+4 Slay+2
                  | SH+5}
  7658 | D:10     | Reached **** piety under Trog
  7744 | D:10     | Noticed a gargoyle
  7751 | D:10     | Killed a gargoyle
  7752 | D:10     | Reached skill level 5 in Dodging
  7802 | D:10     | Reached skill level 21 in Stealth
  8701 | D:9      | Noticed a two-headed ogre
  8707 | D:9      | Killed a two-headed ogre
  8708 | D:9      | Reached skill level 1 in Shields
  8713 | D:9      | Reached skill level 22 in Stealth
  9906 | D:11     | Found a staircase to the Lair.
  9906 | D:11     | Noticed an elephant
  9962 | D:12     | Noticed a purple ugly thing
  9973 | D:12     | Noticed a two-headed ogre
  9997 | D:11     | Killed an elephant
  9998 | D:11     | Reached XP level 11. HP: 21/52 MP: 12/12
 10255 | D:11     | Reached skill level 23 in Stealth
 10311 | D:11     | Found a staircase to the Orcish Mines.
 10896 | Orc:1    | Entered Level 1 of the Orcish Mines
 10900 | Orc:1    | Reached skill level 10 in Dodging
 10934 | Lair:1   | Entered Level 1 of the Lair of Beasts
 11966 | Orc:1    | Noticed an orc warlord
 12124 | D:12     | Reached ***** piety under Trog
 12343 | D:11     | Mangled by an orc warlord

Illustrated notes

Levels and vault maps discovered:
D:1:      wander_arrival_estate, layout_loops_ring, kennysheep_nondescript,
          minmay_quantized
D:2:      layout_basic, hellmonk_ecumenical_altar_slurped_away, st_stairs_5,
          uniq_natasha
D:3:      layout_basic, mainiacjoe_overflow_boulevard, lemuel_crystal_altar,
          kennysheep_generic_room_14
D:4:      layout_basic, cheibriados_altar_1, nemelex_altar_shiori,
          gammafunk_temple_overflow_wave, gammafunk_ghost_arena,
          skrybe_limestone_x, minmay_surrounded
D:5:      layout_basic, mainiacjoe_overflow_catwalk_spiral
D:6:      layout_loops_cross, ashenzari_conservatory_becter,
          amcnicky_altar_gilded, nicolae_ossuary_entry_plus,
          nicolae_figureground_sparkle, uniq_prince_ribbit1, uniq_duvessa
D:7:      layout_rooms, minmay_temple_entry_glassed_door
D:8:      layout_layer_cave, grunt_temple_overflow_lords_of_destruction
D:9:      layout_roguey
D:10:     layout_stronghold, ebering_ghost_funeral_grove
D:11:     layout_basic, david_lair_generic, david_orc_3
D:12:     hangedman_what_comes_after_a, layout_basic,
          nicolae_trove_entry_crystal
Lair:1:   layout_concentric_octagons
Lair:2:   layout_cave_shapes, grunt_megastairs_5, uniq_harold
Orc:1:    layout_caves, basic_altar, ebering_ghost_reflecting_pool,
          nicolae_orc_pool_cavern, okawaru_metal_pillars_1_2

Skill      XL: |  1  2  3  4  5  6  7  8  9 10 11 |
---------------+----------------------------------+-----
Dodging        | 3 4 7 13 | 13.9
Stealth        | 8 9 12 16 20 22 23 | 23.7
Short Blades   | 3 6 |  6.0
Fighting       | 3 |  3.0
Throwing       | 2 |  2.1
Evocations     | 2 4 |  4.0
Shields        | 1 3 |  3.5

Action                     |  1- 3 |  4- 6 |  7- 9 | 10-12 || total
---------------------------+-------+-------+-------+-------++-------
  Melee: Dagger            |    55 |   148 |   160 |    46 ||   409
         Short sword       |    10 |       |       |       ||    10
         Punch             |       |     2 |     4 |     2 ||     8
         Scimitar          |       |       |       |   270 ||   270
  Throw: Dart              |       |    19 |    78 |    14 ||   111
 Invoke: Berserk           |       |       |       |     3 ||     3
         Brothers in Arms  |       |       |       |     2 ||     2
  Evoke: Wand              |       |       |     8 |     1 ||     9
    Use: Scroll            |       |     2 |     2 |     4 ||     8
         Potion            |       |       |       |     8 ||     8
   Stab: Sleeping          |     3 |    27 |    18 |    19 ||    67
         Distracted        |       |     2 |       |     4 ||     6
 Armour: Robe              |     3 |     9 |     4 |       ||    16
         Steam dragon scal |       |       |    10 |    19 ||    29
         Skin              |       |       |       |    70 ||    70
  Dodge: Dodged            |    53 |    87 |    90 |   292 ||   522
  Block: Other             |       |       |       |   100 ||   100
         Reflection        |       |       |       |     2 ||     2
